[Event "December 5 Early 2023"]
[Site "https://www.chess.com"]
[Date "2023.12.05"]
[Round "1"]
[White "Jain Kashish Manoj"]
[Black "Ghimoyan, Narek"]
[Result "1-0"]
[Board "157"]
[TimeControl "180+1"]
[WhiteFideId "35081098"]
[BlackFideId "13315412"]
[WhiteElo "2640"]
[BlackElo "2336"]
[WhiteTeam "IND"]
[BlackTeam "ARM"]
[WhiteClock "0:00:06"]
[BlackClock "0:01:00"]

1. Nf3 Nf6 2. g3 c5 3. Bg2 d6 4. O-O g6 5. c3 Bg7 6. d4 cxd4 7. cxd4 O-O 8. Nc3 Nc6 9. d5 Na5 10. Rb1 b6 11. Nd4 Bd7 12. b3 Rc8 13. Bb2 h5 14. Qd3 h4 15. Rbc1 Nb7 16. b4 Rc7 17. Nc6 Qe8 18. Nxa7 h3 19. Bh1 Bf5 20. Qd2 Ng4 21. Nc6 Ne5 22. Nb5 Rc8 23. Nxe5 dxe5 24. a4 Nd6 25. Nxd6 exd6 26. b5 Rxc1 27. Rxc1 Qa8 28. Qb4 Rc8 29. Rc4 Bf8 30. Bf3 Bd7 31. e4 Rc5 32. Be2 Qd8 33. Bc1 Qf6 34. Be3 Rxc4 35. Qxc4 Qd8 36. a5 bxa5 37. b6 a4 38. Qc7 Qxc7 39. bxc7 a3 40. Bc1 a2 41. Bb2 Bc8 42. Bb5 Be7 43. Bc4 Kf8 44. Bxa2 Ke8 45. Bc3 Kd7 46. Ba5 Ba6 47. Bb3 Bb5 48. Bd1 f5 49. exf5 gxf5 50. Bh5 f4 51. Bg4+ 1-0

[Event "December 5 Early 2023"]
[Site "https://www.chess.com"]
[Date "2023.12.05"]
[Round "1"]
[White "titledsquirrel2007"]
[Black "Zavgorodniy, Sergiy"]
[Result "0-1"]
[Board "158"]
[TimeControl "180+1"]
[BlackFideId "14110148"]
[WhiteElo "2335"]
[BlackElo "2639"]
[BlackTeam "UKR"]
[WhiteClock "0:00:28"]
[BlackClock "0:00:07"]

1. d4 Nf6 2. Nf3 e6 3. c4 Bb4+ 4. Bd2 Qe7 5. g3 Bxd2+ 6. Qxd2 Ne4 7. Qc2 Qb4+ 8. Nbd2 Nxd2 9. Nxd2 Nc6 10. e3 Qe7 11. Bg2 O-O 12. O-O d6 13. d5 Ne5 14. dxe6 fxe6 15. Rac1 Rb8 16. c5 d5 17. f4 Ng4 18. Rfe1 c6 19. e4 d4 20. e5 Ne3 21. Qd3 Nxg2 22. Kxg2 Rd8 23. Ne4 Bd7 24. Qxd4 Be8 25. Nd6 Bg6 26. Rf1 Rf8 27. Rc3 Kh8 28. Rcf3 b6 29. b3 Qc7 30. Kg1 a5 31. cxb6 Rxb6 32. Rc3 Rb4 33. Qc5 h5 34. Nc4 Rd8 35. Nd6 Qb8 36. Qxa5 h4 37. Rxc6 Kh7 38. Qc5 h3 39. Rc8 Rxc8 40. Nxc8 Qb7 41. Rf2 Re4 42. Qc1 Rd4 43. Nd6 Qd5 44. Qf1 Rd1 45. a4 Rxf1+ 46. Kxf1 Qd1# 0-1

[Event "December 5 Early 2023"]
[Site "https://www.chess.com"]
[Date "2023.12.05"]
[Round "1"]
[White "Kotlyar, Kirill"]
[Black "Zivic, Dragan"]
[Result "1-0"]
[Board "159"]
[TimeControl "180+1"]
[WhiteFideId "24145599"]
[BlackFideId "904740"]
[WhiteElo "2636"]
[BlackElo "2327"]
[WhiteTeam "RUS"]
[BlackTeam "SRB"]
[WhiteClock "0:00:14"]
[BlackClock "0:00:00"]

1. e4 c6 2. Nf3 d5 3. Nc3 dxe4 4. Nxe4 Nf6 5. Qe2 Nxe4 6. Qxe4 Qa5 7. c3 Bf5 8. Qe3 e6 9. d4 Bd6 10. Bd3 Bg6 11. O-O Nd7 12. c4 O-O 13. Bd2 Qd8 14. Rac1 c5 15. Bc3 Bxd3 16. Qxd3 cxd4 17. Bxd4 Bc5 18. Bc3 Nf6 19. Qc2 a5 20. Rfd1 Qe7 21. Ng5 g6 22. Ne4 Nxe4 23. Qxe4 Bb4 24. Be5 f6 25. Bf4 Rfd8 26. a3 Bc5 27. Re1 e5 28. Bh6 Rd4 29. Qe2 Kf7 30. Be3 Rd7 31. Red1 Rad8 32. Rxd7 Rxd7 33. h4 Qd6 34. h5 Kg7 35. h6+ Kf7 36. Qc2 Bxe3 37. fxe3 Qd2 38. e4 Qxc2 39. Rxc2 Rd1+ 40. Kf2 Rd4 41. Ke3 f5 42. exf5 gxf5 43. b3 Ke6 44. Rf2 Rh4 45. Rd2 Rxh6 46. Rd8 Rg6 47. Kf3 e4+ 48. Kf2 f4 49. Rb8 Rg7 50. Ra8 Kf5 51. Rxa5+ Kg4 52. Re5 e3+ 53. Kf1 Rd7 54. Ke2 Rd2+ 55. Ke1 Ra2 56. a4 Rb2 57. Rb5 f3 58. gxf3+ Kf4 59. Rxb7 1-0

[Event "December 5 Early 2023"]
[Site "https://www.chess.com"]
[Date "2023.12.05"]
[Round "1"]
[White "Ruge, Edison"]
[Black "Renjith, Sravan"]
[Result "0-1"]
[Board "160"]
[TimeControl "180+1"]
[WhiteFideId "4401000"]
[BlackFideId "4306783"]
[WhiteElo "2315"]
[BlackElo "2635"]
[WhiteTeam "COL"]
[BlackTeam "NZL"]
[WhiteClock "0:00:00"]
[BlackClock "0:01:21"]

1. e4 e5 2. Nf3 Nc6 3. Bb5 Nge7 4. Qe2 g6 5. c3 Bg7 6. O-O O-O 7. Re1 a6 8. Ba4 d6 9. h3 b5 10. Bc2 h6 11. d3 f5 12. Nbd2 Be6 13. Bb3 Qd7 14. Bxe6+ Qxe6 15. exf5 Qxf5 16. Ne4 g5 17. Ng3 Qf7 18. Nd2 Ng6 19. Rf1 Nf4 20. Qe3 Ne7 21. c4 h5 22. Nge4 Nf5 23. Qf3 Nd4 24. Qd1 Qg6 25. Nb3 Nde6 26. Bxf4 Nxf4 27. cxb5 axb5 28. Rc1 Rf7 29. a3 Raf8 30. f3 Nd5 31. Qe2 Bh6 32. Rc6 g4 33. hxg4 hxg4 34. Nbd2 Be3+ 35. Nf2 g3 0-1

[Event "December 5 Early 2023"]
[Site "https://www.chess.com"]
[Date "2023.12.05"]
[Round "1"]
[White "Ehlvest, Jaan"]
[Black "Gutkin, Ilya"]
[Result "1-0"]
[Board "161"]
[TimeControl "180+1"]
[WhiteFideId "4500016"]
[BlackFideId "16203470"]
[WhiteElo "2629"]
[BlackElo "2315"]
[WhiteTeam "USA"]
[BlackTeam "GER"]
[WhiteClock "0:02:40"]
[BlackClock "0:02:08"]

1. e4 e5 2. Nf3 Nc6 3. Bb5 Nf6 4. O-O Nxe4 5. Re1 Nd6 6. Ba4 Be7 7. Nc3 O-O 8. d4 exd4 9. Nd5 Bf6 10. Bf4 Nf5 11. Bxc7 1-0

[Event "December 5 Early 2023"]
[Site "https://www.chess.com"]
[Date "2023.12.05"]
[Round "1"]
[White "Umarov, Sabir"]
[Black "Gimenez Aguirre, Alejo Ismael"]
[Result "0-1"]
[Board "162"]
[TimeControl "180+1"]
[WhiteFideId "14200538"]
[BlackFideId "32041667"]
[WhiteElo "2314"]
[BlackElo "2629"]
[WhiteTeam "UZB"]
[BlackTeam "ARG"]
[WhiteClock "0:00:00"]
[BlackClock "0:01:21"]

1. e4 c5 2. Nf3 g6 3. Nc3 Nc6 4. d4 cxd4 5. Nxd4 Bg7 6. Be3 Nf6 7. f3 O-O 8. Bc4 Qb6 9. Bb3 Nxe4 10. Nd5 Qa5+ 11. c3 Nxd4 12. Bxd4 e5 13. fxe4 exd4 14. O-O dxc3 15. bxc3 Qc5+ 16. Kh1 d6 17. Nf6+ Kh8 18. Qf3 Be6 19. Rad1 Rac8 20. Qg3 Qxc3 21. Rd3 Qe5 22. Qh4 h5 23. Bxe6 fxe6 24. Rdf3 Rc7 25. Ng4 Rxf3 26. gxf3 Qb5 27. Qd8+ Kh7 28. Nf6+ Bxf6 29. Qxc7+ Bg7 30. Rg1 Qe5 31. Qf7 Qf6 32. Qxf6 Bxf6 33. Rc1 Bd8 34. Rc8 Bb6 35. Rb8 Kh6 36. Rxb7 Kg5 37. Rd7 Bc5 38. Kg2 Kf4 39. Rf7+ Ke5 40. h4 a5 41. a4 Bb4 42. Kg3 d5 43. exd5 exd5 44. f4+ Ke6 45. Rb7 Be1+ 46. Kh3 Kf5 47. Rb5 Ke4 0-1

[Event "December 5 Early 2023"]
[Site "https://www.chess.com"]
[Date "2023.12.05"]
[Round "1"]
[White "Ambartsumova, Karina"]
[Black "Chirivi C, Jenny Astrid"]
[Result "1/2-1/2"]
[Board "163"]
[TimeControl "180+1"]
[WhiteFideId "4166299"]
[BlackFideId "4403061"]
[WhiteElo "2627"]
[BlackElo "2313"]
[WhiteTeam "RUS"]
[BlackTeam "COL"]
[WhiteClock "0:00:03"]
[BlackClock "0:00:04"]

1. d4 Nf6 2. c4 e6 3. Nc3 Bb4 4. Qc2 O-O 5. a3 Bxc3+ 6. Qxc3 d5 7. Nf3 dxc4 8. Qxc4 b6 9. Bf4 Nd5 10. Bg3 Ba6 11. Qc2 Nd7 12. e4 Bxf1 13. Kxf1 N5f6 14. Bxc7 Qc8 15. Rc1 Qa6+ 16. Kg1 Rac8 17. Qb1 Qb7 18. Bf4 Qxe4 19. Qxe4 Nxe4 20. Re1 Ndf6 21. g4 h6 22. h4 Nd5 23. Rxe4 f5 24. gxf5 exf5 25. Re5 Nxf4 26. Kh2 Rc2 27. Kg3 Nd3 28. Ne1 Nxe1 29. Rhxe1 Rxb2 30. a4 Rb3+ 31. Kf4 Rb4 32. Rd5 Rxa4 33. Re7 Rf7 34. Rd8+ Rf8 35. Rdd7 Kh8 36. Rxg7 Rxd4+ 37. Rxd4 Kxg7 38. Rd7+ Rf7 39. Rd8 b5 40. Rb8 a6 41. Rb6 Ra7 42. Kxf5 Kh7 43. f4 h5 44. Kg5 Rg7+ 45. Kxh5 Rf7 46. Rxa6 Rxf4 47. Ra7+ Kg8 48. Rb7 Rf5+ 49. Kg6 Rf8 50. Rxb5 Rc8 51. Kg5 Kh8 52. h5 Kh7 53. Rb7+ Kh8 54. Rf7 Rc5+ 55. Kg6 Rc6+ 56. Kg5 Rc5+ 57. Kh6 Rc6+ 58. Kg5 Rc5+ 1/2-1/2

[Event "December 5 Early 2023"]
[Site "https://www.chess.com"]
[Date "2023.12.05"]
[Round "1"]
[White "Shapiro, Daniel"]
[Black "Taichman, Ori"]
[Result "0-1"]
[Board "164"]
[TimeControl "180+1"]
[WhiteFideId "2001780"]
[BlackFideId "2804069"]
[WhiteElo "2312"]
[BlackElo "2626"]
[WhiteTeam "USA"]
[BlackTeam "ISR"]
[WhiteClock "0:00:07"]
[BlackClock "0:00:57"]

1. d4 Nf6 2. c4 g6 3. Nc3 Bg7 4. e4 O-O 5. Be2 d6 6. Nf3 e5 7. O-O Nc6 8. d5 Ne7 9. a4 Ne8 10. Ne1 f5 11. f3 f4 12. a5 a6 13. b4 g5 14. Nd3 h5 15. c5 Ng6 16. Ba3 Nf6 17. Nf2 Rf7 18. b5 Bf8 19. b6 cxb6 20. axb6 dxc5 21. Na4 Rg7 22. h3 g4 23. fxg4 hxg4 24. Nxg4 Nxe4 25. Bf3 Bxg4 26. Bxg4 Ng3 27. Be6+ Kh8 28. Rf2 e4 29. Qg4 Bd6 30. Bxc5 Bxc5 31. Nxc5 Qxb6 32. Nd7 Qd4 33. Qg5 Qxa1+ 0-1

[Event "December 5 Early 2023"]
[Site "https://www.chess.com"]
[Date "2023.12.05"]
[Round "1"]
[White "Skliarov, Viktor"]
[Black "Nissinen, Niilo Man"]
[Result "1-0"]
[Board "165"]
[TimeControl "180+1"]
[WhiteFideId "14106736"]
[BlackFideId "30950767"]
[WhiteElo "2622"]
[BlackElo "2310"]
[WhiteTeam "UKR"]
[BlackTeam "HKG"]
[WhiteClock "0:00:51"]
[BlackClock "0:00:09"]

1. e4 c5 2. Nf3 Nc6 3. Bb5 g6 4. O-O Bg7 5. Re1 Nf6 6. e5 Nd5 7. Nc3 Nc7 8. Bxc6 dxc6 9. Ne4 Ne6 10. d3 O-O 11. Be3 b6 12. Qd2 Nd4 13. Nxd4 cxd4 14. Bh6 Be6 15. h4 Qd5 16. h5 Bxe5 17. Bxf8 Rxf8 18. h6 Bc8 19. c4 dxc3 20. bxc3 c5 21. Rad1 Rd8 22. d4 cxd4 23. cxd4 Bb8 24. Nc3 Qd6 25. g3 Bb7 26. d5 a6 27. Qd4 b5 28. Qg7# 1-0

[Event "December 5 Early 2023"]
[Site "https://www.chess.com"]
[Date "2023.12.05"]
[Round "1"]
[White "Goswami, Vedant"]
[Black "Marosi, Levente"]
[Result "0-1"]
[Board "166"]
[TimeControl "180+1"]
[WhiteFideId "5003725"]
[BlackFideId "747181"]
[WhiteElo "2310"]
[BlackElo "2618"]
[WhiteTeam "IND"]
[BlackTeam "HUN"]
[WhiteClock "0:00:13"]
[BlackClock "0:01:20"]

1. d4 Nf6 2. Nf3 g6 3. Nc3 d5 4. Bf4 Bg7 5. e3 O-O 6. h3 c5 7. Be2 Nc6 8. O-O Re8 9. a3 Ne4 10. Nb5 e5 11. dxe5 Nxe5 12. Nxe5 Bxe5 13. Bxe5 Rxe5 14. c4 Bxh3 15. gxh3 Qh4 16. Bg4 h5 17. Nc7 hxg4 18. Nxa8 Qxh3 0-1

[Event "December 5 Early 2023"]
[Site "https://www.chess.com"]
[Date "2023.12.05"]
[Round "1"]
[White "Degenbaev, Aziz"]
[Black "Lopez Del Alamo, Antonio"]
[Result "1-0"]
[Board "167"]
[TimeControl "180+1"]
[WhiteFideId "13802640"]
[BlackFideId "2227339"]
[WhiteElo "2618"]
[BlackElo "2308"]
[WhiteTeam "KGZ"]
[BlackTeam "ESP"]
[WhiteClock "0:00:41"]
[BlackClock "0:01:04"]

1. e4 c5 2. Nf3 e6 3. d4 cxd4 4. Nxd4 Nf6 5. Nc3 Nc6 6. a3 d6 7. Be3 Be7 8. f3 O-O 9. Qd2 a6 10. O-O-O Qc7 11. g4 Nxd4 12. Bxd4 b5 13. h4 Rb8 14. h5 Qc6 15. g5 Nd7 16. g6 fxg6 17. hxg6 h6 18. Rxh6 gxh6 19. Qxh6 Bg5+ 20. Qxg5 Ne5 21. Bxe5 dxe5 22. g7 Re8 23. Qh6 Bb7 24. Be2 Rbd8 25. Rxd8 Rxd8 26. Qh8+ Kf7 27. Qxd8 Kxg7 28. Qg5+ Kf7 29. Qxe5 Qb6 30. f4 a5 31. Bh5+ Ke7 32. Qg7+ Kd8 33. Qh8+ Kc7 34. Qe5+ Kc8 35. Nxb5 Qg1+ 36. Bd1 1-0

[Event "December 5 Early 2023"]
[Site "https://www.chess.com"]
[Date "2023.12.05"]
[Round "1"]
[White "Khuslen, Erdenebayar"]
[Black "Lenaerts, Lennert"]
[Result "0-1"]
[Board "168"]
[TimeControl "180+1"]
[WhiteFideId "4910532"]
[BlackFideId "211435"]
[WhiteElo "2305"]
[BlackElo "2616"]
[WhiteTeam "MGL"]
[BlackTeam "BEL"]
[WhiteClock "0:00:07"]
[BlackClock "0:00:20"]

1. d4 Nf6 2. c4 c5 3. d5 b5 4. cxb5 a6 5. e3 g6 6. Nc3 Bg7 7. a4 e6 8. e4 exd5 9. exd5 O-O 10. Nf3 d6 11. Be2 axb5 12. Bxb5 Ba6 13. O-O Bxb5 14. Nxb5 Na6 15. Bf4 Ne8 16. Qd2 Nac7 17. h3 Qd7 18. Nc3 Na6 19. Ng5 Nb4 20. Nge4 Ra6 21. Nb5 f5 22. Ng5 Nf6 23. Ne6 Rc8 24. Nxg7 Kxg7 25. Nc3 Qf7 26. Rfe1 Nbxd5 27. Nxd5 Nxd5 28. Bh6+ Kg8 29. Rad1 Nf6 30. a5 Rca8 31. Bg5 Ne4 32. Qf4 Rxa5 33. Rxe4 fxe4 34. Qxe4 Ra1 35. Kh2 d5 36. Qxd5 Qxd5 37. Rxd5 Rc8 38. Bf6 Ra6 39. Bc3 c4 40. Rd7 h5 41. Rg7+ Kf8 42. Rh7 Rac6 43. g3 R8c7 44. Rh8+ Kf7 45. h4 Ke6 46. Rg8 Kf5 47. Kh3 Rd7 48. f3 Rf7 49. g4+ hxg4+ 50. fxg4+ Ke4 51. Re8+ Kd3 52. h5 gxh5 53. gxh5 Rc5 54. Kg4 Rff5 55. h6 Rg5+ 56. Kf4 Rcf5# 0-1

[Event "December 5 Early 2023"]
[Site "https://www.chess.com"]
[Date "2023.12.05"]
[Round "1"]
[White "Olenik Campa, Rudi"]
[Black "Skibbe, Willi"]
[Result "0-1"]
[Board "169"]
[TimeControl "180+1"]
[WhiteFideId "14633264"]
[BlackFideId "4682190"]
[WhiteElo "2614"]
[BlackElo "2304"]
[WhiteTeam "SLO"]
[BlackTeam "GER"]
[WhiteClock "0:00:37"]
[BlackClock "0:01:15"]

1. e4 e6 2. d4 d5 3. exd5 exd5 4. Nf3 Nf6 5. Bd3 c5 6. O-O c4 7. Re1+ Be7 8. Be2 O-O 9. b3 cxb3 10. axb3 Nc6 11. c4 Bf5 12. c5 Ne4 13. Be3 a6 14. Qc1 Bf6 15. Nbd2 Re8 16. Ra4 Qd7 17. Qa1 Nxc5 18. Ra3 Ne4 19. h3 h6 20. Nf1 Rac8 21. Rc1 Nb4 22. Qb2 Rxc1 23. Qxc1 Rc8 24. Qd2 Nxd2 0-1

[Event "December 5 Early 2023"]
[Site "https://www.chess.com"]
[Date "2023.12.05"]
[Round "1"]
[White "Janaszak, Dawid"]
[Black "Rose, Felix"]
[Result "1-0"]
[Board "171"]
[TimeControl "180+1"]
[WhiteFideId "1119206"]
[BlackFideId "5105722"]
[WhiteElo "2612"]
[BlackElo "2301"]
[WhiteTeam "POL"]
[BlackTeam "MEX"]
[WhiteClock "0:00:52"]
[BlackClock "0:00:04"]

1. e4 e5 2. Nf3 Nc6 3. Bc4 Nf6 4. d3 Bc5 5. c3 d6 6. a4 a5 7. h3 h6 8. Na3 Be6 9. Qb3 Bxc4 10. Nxc4 Rb8 11. Be3 Bxe3 12. Nxe3 O-O 13. O-O Ne7 14. Rad1 Ng6 15. Nf5 d5 16. Kh2 Re8 17. Rfe1 c6 18. g3 b5 19. Rd2 Qb6 20. axb5 dxe4 21. dxe4 Rbd8 22. Kg2 Rxd2 23. Nxd2 cxb5 24. Nf1 a4 25. Qb4 Rd8 26. Re2 Qc6 27. h4 Kh7 28. Nh2 Rd1 29. Nf3 Nh5 30. Rd2 Rxd2 31. Nxd2 Nf6 32. c4 Qd7 33. cxb5 a3 34. bxa3 Qd3 35. Ne3 Nh5 36. Nd5 Qe2 37. Nf3 Nf6 38. Nxf6+ gxf6 39. h5 Ne7 40. Qxe7 Qxe4 41. Qxf7+ 1-0

[Event "December 5 Early 2023"]
[Site "https://www.chess.com"]
[Date "2023.12.05"]
[Round "1"]
[White "Mejia, Cherry Ann"]
[Black "Ianovsky, Matias Manuel"]
[Result "0-1"]
[Board "172"]
[TimeControl "180+1"]
[WhiteFideId "5206880"]
[BlackFideId "112470"]
[WhiteElo "2298"]
[BlackElo "2608"]
[WhiteTeam "PHI"]
[BlackTeam "ARG"]
[WhiteClock "0:00:00"]
[BlackClock "0:00:44"]

1. e4 c6 2. d4 d5 3. Nd2 dxe4 4. Nxe4 Nf6 5. Nxf6+ exf6 6. c3 Bd6 7. Bd3 O-O 8. Ne2 Qc7 9. Qc2 h6 10. Bd2 Be6 11. O-O-O Bxa2 12. c4 Nd7 13. Nc3 Bxc4 14. Bxc4 b5 15. Bd3 a5 16. h4 a4 17. g4 a3 18. b3 Bf4 19. g5 b4 20. Na2 c5 21. gxh6 cxd4 22. Qxc7 Bxc7 23. hxg7 Rfc8 24. Kb1 Nc5 25. Bc4 Ne4 26. h5 Kxg7 27. h6+ Kh8 0-1

[Event "December 5 Early 2023"]
[Site "https://www.chess.com"]
[Date "2023.12.05"]
[Round "1"]
[White "Maltsevskaya, Aleksandra"]
[Black "YurasovMat-2012"]
[Result "0-1"]
[Board "173"]
[TimeControl "180+1"]
[WhiteFideId "24174041"]
[WhiteElo "2607"]
[BlackElo "2298"]
[WhiteTeam "POL"]
[WhiteClock "0:00:00"]
[BlackClock "0:00:17"]

1. Nf3 d5 2. g3 Nf6 3. Bg2 Bf5 4. O-O c6 5. d3 Nbd7 6. Nbd2 e6 7. b3 Bd6 8. Bb2 Bg6 9. e4 dxe4 10. dxe4 Be7 11. Qe2 O-O 12. Rfd1 Qc7 13. a4 Rfe8 14. h3 Bc5 15. Kh2 e5 16. a5 Rad8 17. Nh4 Bh5 18. Ndf3 Bd6 19. a6 b5 20. Nf5 Bf8 21. g4 Bg6 22. Rd2 Bxf5 23. gxf5 Nh5 24. Rad1 Nf4 25. Qe3 f6 26. Bf1 Nc5 27. Ba3 Rxd2 28. Qxd2 Nxe4 29. Qe3 Bxa3 30. Qxe4 Bc5 31. c4 b4 32. Kg1 Qb6 33. Rd2 Qc7 34. Nh2 g6 35. fxg6 hxg6 36. Ng4 Kg7 37. Qf3 f5 38. Ne3 e4 39. Qg3 Kh7 40. Qh4+ Kg8 41. Qg3 Bd6 42. Nxf5 Ne2+ 43. Rxe2 Bxg3 44. Nxg3 e3 45. Bg2 exf2+ 46. Kxf2 Qf4+ 47. Bf3 Rxe2+ 48. Nxe2 Qe5 49. Bxc6 Qf6+ 50. Bf3 Qxa6 51. Ke3 Qf6 52. Bd5+ Kf8 53. Nf4 Qc3+ 54. Nd3 Qxb3 55. Ke4 Qc3 56. c5 b3 57. c6 b2 58. Nxb2 Qxb2 0-1

[Event "December 5 Early 2023"]
[Site "https://www.chess.com"]
[Date "2023.12.05"]
[Round "1"]
[White "Gruzman, Ilya"]
[Black "Principe, Gerson"]
[Result "0-1"]
[Board "174"]
[TimeControl "180+1"]
[WhiteFideId "2812703"]
[BlackFideId "3804550"]
[WhiteElo "2297"]
[BlackElo "2606"]
[WhiteTeam "ISR"]
[BlackTeam "PER"]
[WhiteClock "0:00:17"]
[BlackClock "0:00:06"]

1. d4 Nf6 2. c4 e6 3. Nf3 b6 4. g3 Ba6 5. b3 Bb4+ 6. Bd2 Be7 7. Bg2 Bb7 8. Bc3 O-O 9. Nbd2 c5 10. O-O d5 11. Rc1 Nbd7 12. Re1 Rc8 13. Ne5 Nxe5 14. dxe5 Nd7 15. cxd5 exd5 16. Nc4 Nb8 17. Ne3 Qd7 18. Nxd5 Rfd8 19. e4 Nc6 20. Qd3 Bf8 21. Rcd1 Qe8 22. f4 Nb4 23. Bxb4 cxb4 24. Qf3 Rc2 25. Qg4 Kh8 26. Rd3 Rdc8 27. h3 Rxa2 28. Re2 Ra1+ 29. Kh2 Rcc1 30. Red2 Bc8 31. Qg5 h6 32. Qh4 Kh7 33. Ne3 Qe6 34. Qd8 Be7 35. Qd5 Rh1+ 36. Bxh1 Qxh3# 0-1

[Event "December 5 Early 2023"]
[Site "https://www.chess.com"]
[Date "2023.12.05"]
[Round "1"]
[White "Golubev, Mikhail"]
[Black "Szente Varga, Fruzsina"]
[Result "1-0"]
[Board "175"]
[TimeControl "180+1"]
[WhiteFideId "14100983"]
[BlackFideId "712264"]
[WhiteElo "2605"]
[BlackElo "2297"]
[WhiteTeam "UKR"]
[BlackTeam "HUN"]
[WhiteClock "0:00:04"]
[BlackClock "0:00:07"]

1. e4 c5 2. Nf3 Nc6 3. Nc3 g6 4. d4 cxd4 5. Nxd4 Bg7 6. Be3 Nf6 7. Bc4 O-O 8. Bb3 Re8 9. h3 e6 10. f4 d5 11. e5 Nd7 12. O-O Nb6 13. Qd3 Na5 14. Nce2 Nac4 15. Bc1 a5 16. a4 Bd7 17. c3 Bc6 18. Bc2 Nd7 19. b3 Nc5 20. Qg3 Nb6 21. Ba3 Bf8 22. f5 exf5 23. Nxf5 Ne4 24. Bxe4 dxe4 25. Bxf8 Rxf8 26. Ned4 Kh8 27. Nd6 Qe7 28. N4f5 Qe6 29. Nh6 Be8 30. Rf6 Qe7 31. Raf1 Nd5 32. Nhxf7+ Bxf7 33. Rxf7 Qe6 34. Qh4 Rxf7 35. Rxf7 h5 36. Qg5 Qxf7 37. Nxf7+ Kg7 38. e6 e3 39. Ne5 Nf6 40. Qxg6+ Kf8 41. Qf7# 1-0

[Event "December 5 Early 2023"]
[Site "https://www.chess.com"]
[Date "2023.12.05"]
[Round "1"]
[White "Fernandez Siles, Luis"]
[Black "Aswath, S"]
[Result "0-1"]
[Board "176"]
[TimeControl "180+1"]
[WhiteFideId "2209420"]
[BlackFideId "46694919"]
[WhiteElo "2293"]
[BlackElo "2604"]
[WhiteTeam "ESP"]
[BlackTeam "IND"]
[WhiteClock "0:00:18"]
[BlackClock "0:01:28"]

1. e4 c5 2. Nf3 d6 3. d4 cxd4 4. Nxd4 Nf6 5. Nc3 a6 6. Bg5 e6 7. Qf3 Be7 8. O-O-O Nbd7 9. Bd3 h6 10. Qh3 Nc5 11. Rhe1 Qa5 12. Bxf6 Bxf6 13. Nde2 b5 14. a3 b4 15. axb4 Qxb4 16. f4 Rb8 17. e5 dxe5 0-1

[Event "December 5 Early 2023"]
[Site "https://www.chess.com"]
[Date "2023.12.05"]
[Round "1"]
[White "Bodnar, Nikolay"]
[Black "Antonio, Jorge Carlos"]
[Result "1-0"]
[Board "177"]
[TimeControl "180+1"]
[WhiteFideId "14106469"]
[BlackFideId "113190"]
[WhiteElo "2604"]
[BlackElo "2292"]
[WhiteTeam "UKR"]
[BlackTeam "ARG"]
[WhiteClock "0:00:40"]
[BlackClock "0:00:00"]

1. e4 c5 2. Nf3 e6 3. d4 cxd4 4. Nxd4 a6 5. c4 Nc6 6. Nc3 Qc7 7. Be3 Nf6 8. a3 Be7 9. Be2 O-O 10. O-O d6 11. Rc1 b6 12. f3 Nxd4 13. Bxd4 Nd7 14. Qe1 Bb7 15. Qg3 Bf6 16. Rfd1 Bxd4+ 17. Rxd4 Qc5 18. Qxd6 Bd5 19. Qxc5 bxc5 20. Rd2 Bc6 21. Rcd1 Ne5 22. Rd6 g5 23. g3 Rfc8 24. Kf2 Rab8 25. R1d2 Ng6 26. Ke3 Kf8 27. f4 Ke7 28. fxg5 Ne5 29. h4 Rg8 30. Kf4 Ng6+ 31. Ke3 Ne5 32. Rxc6 Nxc6 33. Na4 Rgd8 34. Rxd8 Kxd8 35. Nxc5 Rxb2 36. Nxa6 Rb3+ 37. Kf4 Rxa3 38. Nc5 Rc3 39. e5 Nd4 40. Bd3 Ne2+ 41. Bxe2 Rc2 42. Bd3 Rc1 43. Bxh7 Rxc4+ 44. Ne4 Ke7 45. h5 Kf8 46. h6 Rc1 47. Kg4 Rh1 48. Nf6 Ke7 49. Be4 Rh2 50. Nh5 Kf8 51. h7 Re2 52. h8=Q+ Ke7 53. Qf6+ 1-0

[Event "December 5 Early 2023"]
[Site "https://www.chess.com"]
[Date "2023.12.05"]
[Round "1"]
[White "yaguigor"]
[Black "Toman, Ondrej"]
[Result "0-1"]
[Board "178"]
[TimeControl "180+1"]
[BlackFideId "344516"]
[WhiteElo "2290"]
[BlackElo "2604"]
[BlackTeam "CZE"]
[WhiteClock "0:00:51"]
[BlackClock "0:00:16"]

1. e4 c6 2. d4 d5 3. e5 Bf5 4. h4 h5 5. Bd3 Bxd3 6. Qxd3 e6 7. Bg5 Qb6 8. Nd2 c5 9. c4 Ne7 10. dxc5 Qxc5 11. Ngf3 Nbc6 12. O-O Nf5 13. Rac1 Be7 14. Nb3 dxc4 15. Qxc4 Qxc4 16. Rxc4 Bxg5 17. hxg5 Ke7 18. Nc5 Na5 19. Rc3 b6 20. Ne4 Rac8 21. Rfc1 Rxc3 22. Rxc3 Rd8 23. Kf1 Rd7 24. Ke2 Nd4+ 25. Nxd4 Rxd4 26. Ke3 Rc4 27. Kd3 Rxc3+ 28. Kxc3 Nc6 29. f4 b5 30. b4 Kf8 31. a3 h4 32. Nd6 a6 33. Ne4 Ne7 34. Nc5 Nd5+ 35. Kd4 Nxf4 36. Nxa6 Nxg2 37. Ke4 Ne1 38. Kf4 Nc2 39. Kg4 Nxa3 40. Kxh4 Nc4 41. Nc7 Nxe5 42. Nxb5 Nd3 43. g6 Nxb4 44. gxf7 Kxf7 45. Nd6+ Kf6 46. Kg4 Nd5 47. Ne4+ Ke5 48. Nc5 Nf6+ 49. Kg5 Ne4+ 50. Nxe4 Kxe4 51. Kg6 e5 52. Kxg7 Kf5 0-1

[Event "December 5 Early 2023"]
[Site "https://www.chess.com"]
[Date "2023.12.05"]
[Round "1"]
[White "Ginzburg, Yakov"]
[Black "Colonetti, Fabio"]
[Result "1-0"]
[Board "179"]
[TimeControl "180+1"]
[WhiteFideId "4157176"]
[BlackFideId "897612"]
[WhiteElo "2602"]
[BlackElo "2288"]
[WhiteTeam "RUS"]
[BlackTeam "ITA"]
[WhiteClock "0:00:09"]
[BlackClock "0:00:26"]

1. e4 c6 2. d4 d5 3. Nc3 dxe4 4. Nxe4 Nf6 5. Nxf6+ exf6 6. Bc4 Bd6 7. Ne2 O-O 8. O-O Bg4 9. Qd3 Qc7 10. h3 Bh5 11. c3 Nd7 12. Ng3 Bxg3 13. Qxg3 Qxg3 14. fxg3 c5 15. Be3 Rfe8 16. Rae1 Nb6 17. Bb3 c4 18. Bc2 Nd5 19. Bd2 Bg6 20. Bd1 Bd3 21. Rf2 Rxe1+ 22. Bxe1 Re8 23. Bd2 b5 24. Bg4 Re7 25. Kh2 g6 26. Bh6 f5 27. Bf3 Be4 28. Bd1 f6 29. g4 fxg4 30. Bxg4 g5 31. Kg3 Kf7 32. Bxg5 Bb1 33. a3 Ne3 34. Rxf6+ Ke8 35. Bh5+ Kd7 36. Rf3 Rg7 37. Rxe3 Rxg5+ 38. Bg4+ Kd6 39. Re6+ Kd5 40. Rh6 Ke4 41. Rxh7 Ke3 42. Rxa7 Kd2 43. h4 Rg8 44. h5 Kc1 45. h6 Kxb2 46. Rg7 Rh8 47. Rb7 Kxc3 48. Rxb5 Kxd4 49. Rxb1 1-0

[Event "December 5 Early 2023"]
[Site "https://www.chess.com"]
[Date "2023.12.05"]
[Round "1"]
[White "Llari, Marc"]
[Black "Martin Fuentes, Alberto"]
[Result "0-1"]
[Board "180"]
[TimeControl "180+1"]
[WhiteFideId "651044269"]
[BlackFideId "2292289"]
[WhiteElo "2287"]
[BlackElo "2602"]
[WhiteTeam "FRA"]
[BlackTeam "ESP"]
[WhiteClock "0:00:59"]
[BlackClock "0:02:02"]

1. d4 Nf6 2. Nf3 c5 3. d5 b5 4. e3 b4 5. c4 bxc3 6. Nxc3 d6 7. Bb5+ Bd7 8. Bxd7+ Nbxd7 9. O-O g6 10. e4 Bg7 11. Qc2 O-O 12. Re1 Qb6 13. h3 Rfb8 14. Rb1 Ne8 15. b3 Nc7 16. Na4 Qa6 17. Bb2 f6 18. h4 Ne5 19. Nxe5 fxe5 20. f3 Nb5 21. Qc4 Qa5 22. Bc3 Qd8 23. h5 Na3 24. Qd3 Nxb1 25. Rxb1 Qf8 26. hxg6 hxg6 27. Kf2 Bh6 28. Rh1 Bg5 29. Ke2 Kg7 30. Nb2 Qf4 31. Nc4 Rh8 32. Rxh8 Rxh8 33. Qd1 Rh2 34. Qf1 Qg3 0-1